 Dungeon Crawl Stone Soup version 0.27-a0-553-ge0ab5a2769 (webtiles) character file.

Game seed: 6029963575989814883

74 Chiseanne the Magician (level 4, 6/30 HPs)
             Began as a Demonspawn Hedge Wizard on Mar 8, 2021.
             Quit the game on level 2 of the Dungeon.
             The game lasted 00:02:14 (1928 turns).

Chiseanne the Magician (Demonspawn Hedge Wizard)    Turns: 1928, Time: 00:02:14

Health: 6/30       AC:  2    Str: 10    XL:     4   Next: 9%
Magic:  7/9        EV: 12    Int: 17    God:
Gold:   62         SH:  0    Dex: 12    Spells: 7/10 levels left

rFire    . . .     SeeInvis .   h - +2 dagger (speed)
rCold    . . .     Faith    .   (no shield)
rNeg     . . .     Spirit   .   b - +0 robe
rPois    .         Reflect  .   c - +0 hat
rElec    .         Harm     .   (no cloak)
rCorr    .         Rampage  .   (no gloves)
Will     .....                  (no boots)
Stlth    ++........             (no amulet)
HPRegen  0.10/turn              (no ring)
MPRegen  0.11/turn              (no ring)

@: no status effects
A: hooves 1, ignite blood 1
a: no special abilities


You were on level 2 of the Dungeon.
You visited 1 branch of the dungeon, and saw 2 of its levels.

You collected 62 gold pieces.

Inventory:

Hand Weapons
 h - a +2 dagger of speed (weapon)
Missiles
 a - 2 throwing nets
 d - 13 poisoned darts
 e - 21 stones
 i - 18 bolts
Armour
 b - a +0 robe (worn)
 c - a +0 hat (worn)
Jewellery
 j - a +4 ring of slaying
Scrolls
 g - a scroll of identify {unknown}
 k - 2 scrolls of teleportation {unknown}


   Skills:
 - Level 1.7 Dodging
 - Level 1.7 Stealth
 * Level 3.9 Spellcasting
 * Level 2.8 Conjurations
 - Level 1.0 Summonings
 - Level 0.8 Translocations


You had 7 spell levels left.
You knew the following spells:

 Your Spells              Type           Power      Damage    Failure   Level
a - Magic Dart            Conj           52%        1d5       4%          1
b - Blink                 Tloc           N/A        N/A       17%         2

Your spell library contained the following spells:

 Spells                   Type           Power      Damage    Failure   Level
 Call Imp                 Summ           6%         N/A       16%         2
 Slow                     Hex            3%         N/A       24%         2
 Conjure Flame            Conj/Fire      8%         6-21      26%         3
 Mephitic Cloud           Conj/Pois/Air  6%         N/A       32%         3


Dungeon Overview and Level Annotations

Branches:
Dungeon (2/15)

Altars:


Innate Abilities, Weirdness & Mutations

You have large cloven feet.
Your demonic aura sometimes causes spilled blood to erupt in flames


Message History

Jessica casts a spell at you. Pain shoots through your body!
Casting: Magic Dart (safe; 6% risk of failure)
Confirm with . or Enter, or press ? or * to list all spells.
You don't have enough magic to cast this spell.
Casting: Magic Dart (safe; 6% risk of failure)
Confirm with . or Enter, or press ? or * to list all spells.
You don't have enough magic to cast this spell.
You hit Jessica.
Jessica is severely wounded.
Jessica looks very angry.
Jessica hits you but does no damage. Jessica hits you with a +0 dagger.
* * * LOW HITPOINT WARNING * * *
It was a potion of magic.
Magic courses through your body. Jessica barely misses you.
Jessica closely misses you.
Casting: Magic Dart (safe; 6% risk of failure)
Confirm with . or Enter, or press ? or * to list all spells.
Aiming: Magic Dart (safe; 6% risk of failure)
Press: ? - help, Shift-Dir - straight line, f/p - Jessica
Aim: Jessica, wielding a +0 dagger and wearing a +0 robe (heavily wounded, fast, 0% to evade)
The magic dart hits Jessica.
Jessica is severely wounded.
Jessica hits you with a +0 dagger.
* * * LOW HITPOINT WARNING * * *
Jessica closely misses you.
Casting: Magic Dart (safe; 6% risk of failure)
Confirm with . or Enter, or press ? or * to list all spells.
Aiming: Magic Dart (safe; 6% risk of failure)
Press: ? - help, Shift-Dir - straight line, f/p - Jessica
Aim: Jessica, wielding a +0 dagger and wearing a +0 robe (severely wounded, fast, 0% to evade)
The magic dart hits Jessica.
You kill Jessica!
You have reached level 4!
You feel clever.
Your demonic ancestry asserts itself...
Your feet thicken and deform.
Things that are here:
a +0 dagger; a +0 robe Your magical contamination has completely faded away.
You feel yourself speed up.
Are you sure you want to abandon this character and quit the game? (Confirm with "yes".)

##.#.#
#.#.########
#.#........#
#.########รท#
#.# #.# #.
#.### #...#
###.# #@#
##.## #)..#
#.>...#
.........#
####......#
##.<.#.#
##.##.# #.#
.#


There were no monsters in sight!

Vanquished Creatures
  Jessica (D:2)
  2 adders
  A dart slug (D:1)
  4 bats (D:1)
  A giant cockroach (D:1)
  3 goblins (D:1)
  3 hobgoblins
  4 jackals (D:2)
  3 kobolds (D:1)
  2 frilled lizards
  2 rats (D:1)
26 creatures vanquished.

Notes
Turn   | Place    | Note
-------+----------+-------------------------------------------
     0 | D:1      | Chiseanne the Demonspawn Hedge Wizard began the quest for
                  | the Orb.
     0 | D:1      | Reached XP level 1. HP: 13/13 MP: 4/4
   499 | D:1      | Gained mutation: Your demonic aura sometimes causes spilled
                  | blood to erupt in flames [demonic ancestry]
   499 | D:1      | Reached XP level 2. HP: 19/19 MP: 1/6
  1249 | D:1      | Learned a level 2 spell: Blink
  1279 | D:1      | Reached XP level 3. HP: 16/24 MP: 4/8
  1908 | D:2      | Noticed Jessica
  1920 | D:2      | Killed Jessica
  1921 | D:2      | Gained mutation: You have large cloven feet. [demonic
                  | ancestry]
  1921 | D:2      | Reached XP level 4. HP: 5/30 MP: 6/9
  1928 | D:2      | Quit the game

Illustrated notes

Levels and vault maps discovered:
D:1:      dpeg_arrival_oval, layout_rooms, lemuel_old_faithful
D:2:      layout_loops_ring, uniq_jessica

Skill      XL: |  1  2 |
---------------+-------+-----
Conjurations   | 2 |  2.8
Dodging        | |  1.7
Stealth        | |  1.7
Spellcasting   | |  3.9
Summonings     | |  1.0
Translocations | |  0.8

Action                   |  1- 3 |  4- 6 || total
-------------------------+-------+-------++-------
Melee: Dagger            |    20 |       ||    20
 Cast: Magic Dart        |    64 |       ||    64
  Use: Potion            |     1 |       ||     1
Armor: Robe              |     2 |       ||     2
Dodge: Dodged            |    16 |       ||    16

Table legend: (Time is in decaauts)
 A = Elapsed time spent in this place.
 B = Non-inter-level travel time spent in this place.
 C = Inter-level travel time spent in this place.
 D = Time resting spent in this place.
 E = Time spent auto-exploring this place.
 F = Levels seen in this place.
 G = Mean time per level.
                   A        B        C        D        E       F      G
               +--------+--------+--------+--------+--------+-----+--------+
         Total |   1931 |   1914 |     17 |   1077 |    677 |   2 |  965.5 |
       Dungeon |   1931 |   1914 |     17 |   1077 |    677 |   2 |  965.5 |
               +--------+--------+--------+--------+--------+-----+--------+

Top non-repeatable levels by time:
     D:1: 1488 daAuts
     D:2: 443 daAuts
